 Dungeon Crawl Stone Soup version 0.20-a0-910-gb611367 (webtiles) character file.

19563 Wendigo the Carver (level 12, -4/111 HPs)
             Began as a Green Draconian Artificer on Mar 20, 2017.
             Was the Champion of Okawaru.
             Slain by an ice devil (23 damage)
             ... in an ice cave on Mar 23, 2017.
             The game lasted 00:55:07 (11906 turns).

Wendigo the Carver (Green Draconian Artificer)     Turns: 11906, Time: 00:55:08

Health: -4/111     AC: 11    Str: 20    XL:     12   Next: 37%
Magic:  15/15      EV: 19    Int: 11    God:    Okawaru [******]
Gold:   229        SH:  0    Dex: 15    Spells: 11/11 levels left

rFire    . . .     SeeInvis +   L - +4 great sword (slice)
rCold    . . .     Gourm    .   (armour unavailable)
rNeg     + . .     Faith    .   (shield currently unavailable)
rPois    +         Spirit   .   (helmet restricted)
rElec    .         Reflect  .   R - +0 cloak {MR+}
rCorr    .         Harm     .   U - +0 pair of gloves {Str+3}
MR       +....                  S - +0 pair of boots
Stlth    ++........             q - amulet of regeneration
Regen    0.7/turn               J - ring of positive energy
MPRegen  0.2/turn               o - ring of see invisible

@: slowed, very slow
A: breathe noxious fumes, unfitting armour, poison resistance, cold-blooded, AC
+8
a: Breathe Noxious Fumes, Heroism, Finesse, Renounce Religion


You were in an ice cave.
You worshipped Okawaru.
Okawaru was exalted by your worship.
You were near starving.

You visited 3 branches of the dungeon, and saw 13 of its levels.
You also visited: Ice Cave.

You collected 727 gold pieces.
You spent 498 gold pieces at shops.

Inventory:

Hand Weapons
 h - a +2 falchion of flaming
 x - a +0 blowgun
 L - a +4 great sword of slicing (weapon)
Missiles
 a - 5 needles of confusion
 y - 46 poisoned needles
 A - 3 curare-tipped needles
Armour
 R - a +0 cloak of magic resistance (worn)
 S - a +0 pair of boots (worn)
 U - a +0 pair of gloves of strength (worn)
Jewellery
 o - a ring of see invisible (left hand)
 q - an amulet of regeneration (around neck)
 I - an uncursed ring of stealth {unknown}
 J - a ring of positive energy (right hand)
Wands
 b - a wand of confusion (28/48)
 c - a wand of enslavement (10/24)
 d - a wand of random effects (4/48)
 D - a wand of polymorph (12/24)
 G - a wand of iceblast (15/15)
Scrolls
 e - a scroll of fear
 g - 2 scrolls of magic mapping
 i - 4 scrolls of blinking
 j - 4 scrolls of amnesia
 u - 5 scrolls of remove curse
 v - 2 scrolls of teleportation
 C - a scroll of identify
 E - 2 scrolls of immolation
 W - a scroll of enchant armour
Potions
 k - 5 potions of agility
 l - a potion of ambrosia
 n - 4 potions of lignification
 p - 4 potions of haste
 r - 5 potions of curing
 s - a potion of cancellation
 t - 2 potions of might
 w - 3 potions of mutation
 z - 2 potions of magic
 F - a potion of flight
 H - a potion of invisibility
 K - a potion of brilliance
Books
 Q - a book of Callings

   Spells                             Type                      Level
   a - Summon Small Mammal            Summoning                    1
   b - Call Imp                       Summoning                    2
   c - Call Canine Familiar           Summoning                    3
   d - Summon Guardian Golem          Hexes/Summoning              3
   e - Summon Lightning Spire         Summoning/Air                4
   f - Summon Ice Beast               Ice/Summoning                4
 T - a book of the Earth

   Spells                             Type                      Level
   a - Leda's Liquefaction            Hexes/Earth                  4
   b - Bolt of Magma                  Conjuration/Fire/Earth       5
   c - Statue Form                    Transmutation/Earth          6
   d - Iron Shot                      Conjuration/Earth            6
   e - Shatter                        Earth                        9
Comestibles
 f - 13 bread rations
 m - 12 meat rations
 B - 9 fruits
 Y - 2 royal jellies


   Skills:
 + Level 11.7 Fighting
   Level 1.0(8.4) Short Blades
 * Level 12.7(12.8) Long Blades
 + Level 10.1 Dodging
 - Level 0.8 Stealth
 * Level 5.2 Invocations
 - Level 3.0 Evocations


You had 11 spell levels left.
You didn't know any spells.

Dungeon Overview and Level Annotations

Branches:
Dungeon (11/15)            Temple (1/1) D:5            Lair (1/6) D:11
    Orc (0/2) D:11

Altars:
Ashenzari
Cheibriados
Dithmenos
Elyvilon
Fedhas
Gozag
Hepliaklqana
Kikubaaqudgha
Makhleb
Nemelex Xobeh
Okawaru
Qazlal
Ru
Sif Muna
Trog
Uskayaw
Vehumet
Wu Jian
Xom
Yredelemnul
Zin
The Shining One

Shops:
D:5 [   D:6 (   D:8 [   D:10 (

Annotations:
D:7 exclusion: downstairs
D:8 exclusion: downstairs
D:9 exclusion: downstairs IceCv exclusion: 2 ice statues


Innate Abilities, Weirdness & Mutations

You can breathe blasts of noxious fumes.
Your lurid green scales are hard. (AC +8)
You cannot fit into any form of body armour.
Your system is resistant to poisons. (rPois)
You are cold-blooded and may be slowed by cold attacks.


Message History

The ice devil completely misses you. The ice devil hits you!
The ice devil freezes you!!
You feel yourself slow down.
You slash the ice devil!
You kill the ice devil!
Okawaru accepts your kill.
The ice devil hits you but does no damage.
The ice devil hits you! The ice devil freezes you!
You feel as though you will be slow longer.
You slash the ice devil!
Your tail-slap misses the ice devil.
The ice devil is almost dead.
The ice devil hits you but does no damage.
You barely miss the ice devil.
The ice devil is almost dead.
The ice devil hits you! The ice devil freezes you!
* * * LOW HITPOINT WARNING * * *
The ice devil hits you!
* * * LOW HITPOINT WARNING * * *
The ice devil freezes you!!
You feel as though you will be slow longer.
You die...

##.............##
#...............#
#...............#
#.......⌠.......#
#...............#
#...............#
##.............##
#.####...####.#
###44#@..#44###
#..##4##..#
##+#...#+## #...#
###...###
#.#...#.#
###'#...#'###
#.'.......'.#
###.8...8.###


You could see an ice devil.

Vanquished Creatures
  The ghost of TBriggs11TB the Fighter, a journeyman MiCK of Xom (D:10)
  Harold (D:11)
  The ghost of galech the Grappler, a novice TrMo of Cheibriados (D:9)
  7 two-headed ogres
  The ghost of krabocopter the Carver, a novice FoFi of Ru (D:8)
  An unseen horror (D:10)
  A cyclops (D:11)
  2 rust devils (D:10)
  2 ice statues (IceCv)
  5 ice devils (IceCv)
  A hornet (D:9)
  A hippogriff (D:10)
  A spriggan (D:8)
  Sigmund (D:3)
  4 yaks
  2 hungry ghosts (D:11)
  Grum (D:9)
  2 wargs
  Menkaure (D:7)
  Edmund (D:6)
  A water moccasin (D:10)
  A porcupine (Lair:1)
  Duvessa (D:6)
  8 orc warriors
  4 sky beasts
  4 ice beasts
  A phantom (D:8)
  4 necrophages (D:9)
  7 ogres
  3 wolves (D:9)
  A centaur (D:8)
  A crocodile (D:11)
  9 bullfrogs
  Blork the orc (D:6)
  2 wyvern skeletons (D:11)
  2 scorpions (D:7)
  Dowan (D:6)
  4 killer bees (D:9)
  8 wights
  7 howler monkeys
  2 crimson imps
  2 jellies
  A quasit (D:6)
  A draconian simulacrum (IceCv)
  2 hounds
  5 centaur zombies
  8 orc priests
  10 orc wizards
  A bullfrog skeleton (D:8)
  4 centaur skeletons
  4 iguanas
  A spriggan simulacrum (IceCv)
  2 troll simulacra (IceCv)
  5 worker ants
  3 killer bee zombies
  3 centaur simulacra (IceCv)
  3 hound skeletons
  2 howler monkey zombies
  A worker ant zombie (D:9)
  Robin (D:3)
  6 gnolls
  A howler monkey skeleton (D:4)
  A naga simulacrum (IceCv)
  14 adders
  2 ogre simulacra (IceCv)
  A shadow imp (D:6)
  An ooze (D:1)
  An adder skeleton (D:4)
  A dart slug (D:2)
  8 leopard geckos
  47 orcs
  3 giant cockroaches
  7 hobgoblins
  13 jackals
  8 kobolds
  3 quokkas
  2 ball pythons
  4 bats
  5 frilled lizards
  6 goblins
  2 jackal skeletons (D:5)
  5 rats (D:3)
309 creatures vanquished.

Vanquished Creatures (collateral kills)
  A killer bee (D:9)
  A goblin (D:2)
  3 jackals (D:2)
  2 kobolds (D:3)
  A bat (D:3)
8 creatures vanquished.

Vanquished Creatures (others)
  An unseen horror (D:11)
  An orc priest (D:11)
  An adder (D:4)
3 creatures vanquished.

Grand Total: 320 creatures vanquished

Notes
Turn   | Place    | Note
-------+----------+-------------------------------------------
     0 | D:1      | Wendigo the Draconian Artificer began the quest for the Orb.
     0 | D:1      | Reached XP level 1. HP: 16/16 MP: 3/3
   356 | D:1      | Reached XP level 2. HP: 17/24 MP: 4/4
   914 | D:1      | Reached XP level 3. HP: 26/30 MP: 5/5
  1264 | D:2      | Reached XP level 4. HP: 20/38 MP: 6/6
  1497 | D:3      | Upgraded the game from 0.20-a0-903-g7e3609c to 0.20-a0-910-gb611367
  1764 | D:3      | Noticed Sigmund
  1789 | D:3      | Killed Sigmund
  1789 | D:3      | Reached XP level 5. HP: 47/47 MP: 7/7
  1883 | D:3      | Noticed Robin
  1909 | D:3      | Killed Robin
  2253 | D:4      | Noticed an ogre
  2264 | D:4      | Killed an ogre
  2264 | D:4      | Reached XP level 6. HP: 55/55 MP: 8/8
  2280 | D:4      | Reached skill level 5 in Fighting
  2510 | D:4      | Noticed an ice beast
  2610 | D:4      | Killed an ice beast
  2834 | D:4      | Reached skill level 5 in Dodging
  3301 | D:5      | Entered Level 5 of the Dungeon
  3322 | D:5      | Found a staircase to the Ecumenical Temple.
  3347 | Temple   | Entered the Ecumenical Temple
  3355 | Temple   | Became a worshipper of Warmaster Okawaru
  3674 | D:5      | Your scales start taking on a lurid green colour.
  3674 | D:5      | Reached XP level 7. HP: 26/61 MP: 9/9
  3674 | D:5      | Gained mutation: Your system is resistant to poisons. (rPois) [Green Draconian growth]
  3825 | D:5      | Found Poxaargh's Antique Armour Emporium.
  4156 | D:5      | Found a glowing silver altar of Zin.
  4288 | D:6      | Found Cosoetui's Antique Weapon Boutique.
  4291 | D:6      | Bought a runed falchion for 132 gold pieces
  4344 | D:6      | Reached skill level 1 in Long Blades
  4398 | D:6      | Noticed Dowan
  4426 | D:6      | Reached skill level 2 in Long Blades
  4429 | D:6      | Noticed Duvessa
  4450 | D:6      | Killed Dowan
  4450 | D:6      | Reached * piety under Okawaru
  4456 | D:6      | Reached skill level 3 in Long Blades
  4456 | D:6      | Reached XP level 8. HP: 56/71 MP: 10/10
  4521 | D:6      | Killed Duvessa
  4817 | D:6      | Reached skill level 4 in Long Blades
  4875 | D:6      | Noticed Edmund
  4886 | D:6      | Killed Edmund
  4886 | D:6      | Reached ** piety under Okawaru
  5016 | D:6      | Noticed Blork the orc
  5063 | D:6      | Killed Blork the orc
  5063 | D:6      | Reached skill level 5 in Long Blades
  5369 | D:7      | Noticed Menkaure
  5376 | D:7      | Killed Menkaure
  5376 | D:7      | Reached XP level 9. HP: 47/80 MP: 8/11
  5378 | D:7      | Reached skill level 6 in Long Blades
  5706 | D:7      | Reached *** piety under Okawaru
  5797 | D:8      | Found Onwy's Armour Shoppe.
  5798 | D:8      | Noticed a two-headed ogre
  5963 | D:8      | Killed a two-headed ogre
  5963 | D:8      | Reached skill level 7 in Long Blades
  6057 | D:8      | Bought a +0 pair of gloves of strength for 138 gold pieces
  6214 | D:8      | Reached skill level 8 in Long Blades
  6251 | D:8      | Noticed krabocopter's ghost (novice FoFi)
  6263 | D:8      | Killed krabocopter's ghost
  6263 | D:8      | Reached **** piety under Okawaru
  6263 | D:8      | Reached XP level 10. HP: 66/91 MP: 9/12
  6785 | D:9      | Noticed galech's ghost (novice TrMo)
  6918 | D:9      | Found a burning altar of Makhleb.
  6965 | D:9      | Noticed Grum
  6997 | D:9      | Reached skill level 9 in Long Blades
  7019 | D:9      | Killed Grum
  7762 | D:9      | Killed galech's ghost
  7762 | D:9      | Received a gift from Okawaru
  7762 | D:9      | Reached ***** piety under Okawaru
  7928 | D:9      | Noticed a two-headed ogre
  7963 | D:9      | Killed a two-headed ogre
  7963 | D:9      | Reached skill level 10 in Fighting
  7963 | D:9      | Reached skill level 10 in Long Blades
  8134 | D:9      | Noticed a two-headed ogre
  8147 | D:9      | Killed a two-headed ogre
  8205 | D:9      | Reached XP level 11. HP: 100/100 MP: 13/13
  8362 | D:10     | Entered Level 10 of the Dungeon
  8500 | D:10     | Noticed a two-headed ogre
  8525 | D:10     | Killed a two-headed ogre
  8596 | D:10     | Noticed a two-headed ogre
  8604 | D:10     | Killed a two-headed ogre
  8604 | D:10     | Reached skill level 11 in Long Blades
  8840 | D:10     | Found Wybal's Antique Weapon Emporium.
  8874 | D:10     | Noticed TBriggs11TB's ghost (journeyman MiCK)
  8931 | D:10     | Noticed a two-headed ogre
  8934 | D:10     | Killed a two-headed ogre
  8934 | D:10     | Reached ****** piety under Okawaru
  8956 | D:10     | Received a gift from Okawaru
  9343 | D:10     | Bought a runed great sword for 228 gold pieces
  9568 | D:11     | Noticed a two-headed ogre
  9587 | D:11     | Killed a two-headed ogre
  9715 | D:10     | Reached skill level 12 in Long Blades
  9782 | D:11     | Reached skill level 1 in Invocations
  9841 | D:11     | Found a staircase to the Lair.
  9885 | D:11     | Noticed an unseen horror
  9892 | D:11     | Killed an unseen horror
 10055 | D:11     | Noticed an unseen horror
 10057 | D:11     | Noticed Harold
 10068 | D:10     | Killed an unseen horror
 10161 | D:10     | Killed TBriggs11TB's ghost
 10161 | D:10     | Reached skill level 10 in Dodging
 10161 | D:10     | Reached XP level 12. HP: 60/110 MP: 14/14
 10335 | D:11     | Killed Harold
 10693 | D:11     | Found a staircase to the Orcish Mines.
 11224 | Lair:1   | Entered Level 1 of the Lair of Beasts
 11234 | Lair:1   | Found a frozen archway.
 11270 | IceCv    | Entered an ice cave
 11534 | IceCv    | Reached skill level 5 in Invocations
 11906 | IceCv    | Slain by an ice devil

Vault maps used:
D:1:      minmay_arrival_doors
D:2:      first_bread
D:3:      minmay_stone_trees_medium, uniq_robin, uniq_sigmund
D:4:      hangedman_decor_push
D:5:      kennysheep_little_box, minmay_temple_entry_crystal_x, serial_shops,
          shop
D:6:      serial_shops, nicolae_shop_behind_doors, uniq_duvessa,
          uniq_blork_the_orc, uniq_edmund
D:7:      uniq_menkaure
D:8:      minmay_klotski, serial_shops, shop, the_bakery, minmay_statues_item,
          uniq_prince_ribbit1
D:9:      cheibrodos_iron_armory, serial_undead, serial_undead_e,
          serial_undead_f, serial_undead_a, serial_undead_d, serial_undead_d,
          basic_altar, uniq_grum
D:10:     serial_shops, nicolae_shop_stone, hangedman_abyss_or_decor_stagger
D:11:     erik_lair_orcish_takeover, hiddenorc1_lemuel, minivault_22,
          uniq_harold
Temple:   nicolae_temple_the_god_donut
Lair:1:   portal_ice_cave_entry_pillars_1
IceCv:    ice_cave_tombish

Skill      XL: |  1  2  3  4  5  6  7  8  9 10 11 12 |
---------------+-------------------------------------+-----
Dodging        | 2 3 4 5 6 7 9 10 | 10.1
Fighting       | 2 3 4 5 6 7 9 10 11 | 11.7
Long Blades    | 3 5 8 10 12 | 12.7
Invocations    | 3 5 |  5.2
Short Blades   | |  1.0
Stealth        | |  0.8
Evocations     | |  3.0

Action                   |  1- 3 |  4- 6 |  7- 9 | 10-12 || total
-------------------------+-------+-------+-------+-------++-------
Melee: Short sword       |   121 |   253 |    96 |       ||   470
       Tailslap          |    12 |    33 |    63 |   115 ||   223
       Falchion          |       |       |   238 |    80 ||   318
       Great sword       |       |       |       |   377 ||   377
       Scimitar          |       |       |       |    39 ||    39
 Fire: Blowgun           |       |     3 |       |    15 ||    18
Invok: Heroism           |       |       |     5 |     7 ||    12
       Finesse           |       |       |       |     2 ||     2
 Abil: Breathe Noxious F |       |       |    21 |    29 ||    50
Evoke: Wand              |     9 |    16 |     5 |       ||    30
  Use: Potion            |     1 |       |       |     5 ||     6
       Scroll            |       |       |    18 |    11 ||    29
 Stab: Betrayed ally     |     1 |       |       |       ||     1
       Sleeping          |       |     2 |     2 |     4 ||     8
       Paralysed         |       |     8 |       |       ||     8
       Confused          |       |       |    12 |    16 ||    28
  Eat: Chunk             |     1 |     6 |     9 |    24 ||    40
       Fruit             |       |     1 |       |       ||     1
       Meat ration       |       |       |     1 |       ||     1
Armor: Skin              |    37 |    53 |    89 |   103 ||   282
Dodge: Dodged            |    61 |   193 |   234 |   382 ||   870
       Rpst.: Falchion   |       |       |    45 |    18 ||    63
       Great sword       |       |       |       |    93 ||    93
       Scimitar          |       |       |       |     9 ||     9
